 Dungeon Crawl Stone Soup version 0.20.1-1-g8b1a95d (webtiles) character file.

3143 tmwrnj the Cleaver (level 9, 0/79 HPs)
             Began as a Hill Orc Fighter on Sept 30, 2017.
             Slain by a hornet (10 damage)
             ... while paralysed by a hornet
             ... on level 8 of the Dungeon.
             The game lasted 00:23:01 (7293 turns).

tmwrnj the Cleaver (Hill Orc Fighter)               Turns: 7293, Time: 00:23:02

Health: 0/79       AC: 17    Str: 20    XL:     9   Next: 93%
Magic:  9/9        EV:  2    Int:  8    God:
Gold:   427        SH:  0    Dex: 12    Spells: 8/8 levels left

rFire    . . .     SeeInvis .   v - +2 war axe (vamp)
rCold    . . .     Gourm    .   c - +0 shield
rNeg     . . .     Faith    .   M - +0 plate armour
rPois    .         Spirit   .   g - +0 helmet
rElec    .         Reflect  .   y - +0 cloak
rCorr    +         Harm     .   e - +0 pair of gloves
MR       .....     Rnd*Tele +   (no boots)
Stlth    ..........             (no amulet)
Regen    0.3/turn               p - ring of resist corrosion
MPRegen  0.2/turn               t - ring of teleportation

@: paralysed, lethally poisoned (0 -> -3), slowed
A: no striking features
a: no special abilities


You were on level 8 of the Dungeon.
You were hungry.

You visited 2 branches of the dungeon, and saw 9 of its levels.

You collected 427 gold pieces.

Inventory:

Hand Weapons
 a - a +0 war axe
 v - a +2 vampiric war axe (weapon)
Armour
 c - a +0 shield (worn)
 e - a +0 pair of gloves (worn)
 g - a +0 helmet (worn)
 y - a +0 cloak (worn)
 M - a +0 plate armour (worn)
Jewellery
 p - a ring of resist corrosion (left hand)
 t - a ring of teleportation (right hand)
 A - an uncursed ring of flight
Wands
 L - a wand of polymorph (12/24)
Scrolls
 b - 2 scrolls of identify
 i - a scroll of enchant weapon {unknown}
 k - a scroll of teleportation {unknown}
 l - 2 scrolls of fog {unknown}
 u - 2 scrolls of magic mapping {unknown}
 x - 2 scrolls of enchant armour {unknown}
 B - 4 scrolls of amnesia
 C - 5 scrolls of remove curse
 E - 3 scrolls of noise
 G - a scroll of blinking {unknown}
Potions
 d - a potion of might
 j - 4 potions of curing
 o - 2 potions of mutation {unknown}
 q - 3 potions of heal wounds
 r - 2 potions of degeneration {unknown}
 s - 2 potions of berserk rage
 w - 2 potions of invisibility
 z - 2 potions of flight {unknown}
 F - 2 potions of haste {unknown}
 H - a potion of ambrosia {unknown}
 I - 3 potions of agility {unknown}
 J - a potion of resistance {unknown}
 K - a potion of lignification {unknown}
Books
 m - a book of Cantrips

   Spells                             Type                      Level
   a - Confusing Touch                Hexes                        1
   b - Animate Skeleton               Necromancy                   1
   c - Summon Small Mammal            Summoning                    1
   d - Apportation                    Translocation                1
Comestibles
 f - 8 bread rations
 h - 7 meat rations


   Skills:
 + Level 7.5 Fighting
 + Level 11.5 Axes
 + Level 7.1 Armour
 + Level 2.3 Dodging
 + Level 1.0 Stealth
 + Level 6.9 Shields


You had 8 spell levels left.
You didn't know any spells.

Dungeon Overview and Level Annotations

Branches:
Dungeon (8/15)             Temple (1/1) D:4            Lair (0/6) D:8

Altars:
Ashenzari
Cheibriados
Dithmenos
Elyvilon
Fedhas
Gozag
Hepliaklqana
Kikubaaqudgha
Makhleb
Nemelex Xobeh
Qazlal
Ru
Sif Muna
Trog
Uskayaw
Vehumet
Xom
Yredelemnul
Zin
The Shining One


Message History

The crocodile bites you.
* * * LOW HITPOINT WARNING * * *
The ogre hits you with a giant spiked club!
* * * LOW HITPOINT WARNING * * *
You feel much better.
You feel sick. You block the hornet's attack. You block the crocodile's attack.
The hornet stings you but does no damage.
The phantom blinks!
The ogre hits you but does no damage.
You slash the hornet!
The hornet is moderately wounded.
You slash the ogre!
You feel better.
You closely miss the crocodile.
You feel sick. You block the hornet's attack. The crocodile bites you!
* * * LOW HITPOINT WARNING * * *
The hornet stings you.
* * * LOW HITPOINT WARNING * * *
You suddenly lose the ability to move!
The ogre hits you but does no damage. The crocodile bites you.
* * * LOW HITPOINT WARNING * * *
The hornet stings you!
You die...

.. ..# .# ..#
.. #.# . .##.#
#. ..c# .. o5#
#. #O# #..##@#
#.ty## #..hH#
. ####'# ..
#..#.# #
#.#..#ยง#.# .#
##.....#.#
...##....W.#.#
#.......#....#


You could see a hippogriff, a hornet, a crocodile, an ogre, a centaur, a hound,
a shadow imp and an orc.

Vanquished Creatures
  A two-headed ogre (D:8)
  A hippogriff (D:7)
  A hungry ghost (D:7)
  2 vampire mosquitoes (D:6)
  A sky beast (D:6)
  An ice beast (D:6)
  An orc warrior (D:6)
  An ogre (D:5)
  3 centaurs (D:5)
  A big kobold (D:7)
  3 bullfrogs
  3 scorpions (D:5)
  3 crimson imps (D:6)
  A bullfrog zombie (D:7)
  A quasit (D:6)
  3 orc priests
  Crazy Yiuf (D:2)
  3 bullfrog skeletons
  Jessica (D:4)
  3 iguanas
  3 orc wizards
  6 worker ants
  A worker ant zombie (D:7)
  8 adders
  5 gnolls
  An adder zombie (D:6)
  2 adder skeletons
  2 worms
  2 dart slugs
  3 leopard geckos
  28 orcs
  4 bats
  3 giant cockroaches
  10 goblins
  5 hobgoblins
  16 jackals
  15 kobolds
  2 quokkas
  2 ball pythons
  3 frilled lizards
  A quokka zombie (D:5)
  6 rats
163 creatures vanquished.

Notes
Turn   | Place    | Note
-------+----------+-------------------------------------------
     0 | D:1      | tmwrnj the Hill Orc Fighter began the quest for the Orb.
     0 | D:1      | Reached XP level 1. HP: 19/19 MP: 1/1
    53 | D:1      | Noticed a big kobold
    53 | D:1      | Noticed a big kobold
    54 | D:1      | Noticed a big kobold
    56 | D:1      | Noticed a big kobold
   114 | D:1      | Reached XP level 2. HP: 27/27 MP: 2/2
   561 | D:1      | Reached skill level 3 in Axes
   702 | D:1      | Reached XP level 3. HP: 32/33 MP: 3/3
  1242 | D:2      | Reached XP level 4. HP: 27/40 MP: 4/4
  1644 | D:2      | Found a runed door.
  1648 | D:2      | Noticed Crazy Yiuf
  1655 | D:2      | Killed Crazy Yiuf
  1655 | D:2      | Reached skill level 4 in Axes
  1870 | D:3      | Reached XP level 5. HP: 43/46 MP: 5/5
  1893 | D:3      | Reached skill level 1 in Dodging
  1933 | D:3      | Reached skill level 5 in Axes
  2157 | D:3      | Reached XP level 6. HP: 45/53 MP: 6/6
  2291 | D:3      | Found a shimmering altar of Xom.
  2291 | D:3      | Found a snail-covered altar of Cheibriados.
  2809 | D:4      | Reached skill level 6 in Axes
  3080 | D:4      | Reached XP level 7. HP: 60/60 MP: 7/7
  3107 | D:4      | Noticed Jessica
  3118 | D:4      | Killed Jessica
  3127 | D:4      | Found a deep blue altar of Sif Muna.
  3219 | D:4      | Found a staircase to the Ecumenical Temple.
  3318 | D:4      | Found a glowing golden altar of the Shining One.
  3628 | Temple   | Entered the Ecumenical Temple
  3699 | D:5      | Entered Level 5 of the Dungeon
  3898 | D:5      | Reached skill level 7 in Axes
  3909 | D:5      | Reached skill level 5 in Fighting
  3909 | D:5      | Reached skill level 5 in Armour
  4163 | D:5      | Reached skill level 8 in Axes
  4163 | D:5      | Reached XP level 8. HP: 57/68 MP: 8/8
  4310 | D:5      | Reached skill level 5 in Shields
  4515 | D:6      | Reached skill level 9 in Axes
  5039 | D:6      | Found a shattered altar of Ashenzari.
  5379 | D:6      | Reached skill level 1 in Stealth
  5554 | D:6      | Reached skill level 10 in Axes
  5563 | D:6      | Reached XP level 9. HP: 58/75 MP: 9/9
  6304 | D:7      | Found a sparkling altar of Nemelex Xobeh.
  6886 | D:8      | Noticed a two-headed ogre
  7058 | D:8      | Found a sacrificial altar of Ru.
  7082 | D:8      | Noticed a two-headed ogre
  7247 | D:8      | Found a staircase to the Lair.
  7278 | D:8      | Noticed a hornet
  7286 | D:8      | Reached skill level 11 in Axes
  7287 | D:8      | Killed a two-headed ogre
  7292 | D:8      | Paralysed by a hornet for 2 turns
  7293 | D:8      | Slain by a hornet

Skill      XL: |  1  2  3  4  5  6  7  8  9 |
---------------+----------------------------+-----
Axes           | 3 4 5 6 8 10 11 | 11.5
Fighting       | 4 5 6 7 |  7.5
Armour         | 4 5 6 7 |  7.1
Shields        | 4 5 6 |  6.9
Dodging        | 1 2 |  2.3
Stealth        | 1 |  1.0

Action                   |  1- 3 |  4- 6 |  7- 9 || total
-------------------------+-------+-------+-------++-------
Melee: War axe           |   145 |   244 |   341 ||   730
  Use: Scroll            |       |     1 |     5 ||     6
       Potion            |       |       |     1 ||     1
  Eat: Chunk             |     1 |     6 |    10 ||    17
       Fruit             |       |     3 |     3 ||     6
       Royal jelly       |       |     1 |     2 ||     3
Armor: Scale mail        |    77 |   123 |    65 ||   265
       Plate armour      |       |       |   141 ||   141
Dodge: Dodged            |    53 |    71 |    87 ||   211
Block: Shield            |    82 |   116 |   171 ||   369
